AoeStats
← xr0015

Arena

510326883Analyzed
4v4 RM · 3d ago on Sep 30, 2026· 87m 40s· 8 players
Game mode
Random Map
Map size
Large (8 player)
Population
200
Speed
Normal
Resources
Standard
Victory
Conquest
Starting age
Dark Age
Ending age
Imperial Age
RankedLock teamsTeams togetherTeam positionsShared explorationLock speedFull tech treeHidden civsTurbo modeCheats
Victory
Defeat
🇨🇳 Saxons · China
948
+17
🇨🇳 Turks · China
893
+19
🇹🇷 Spanish · Türkiye
890
+19
🇹🇼 Persians · Taiwan
887
+19
🇩🇪 Danes · Germany
1002
-19
🇧🇷 Britons · Brazil
965
-19
🇨🇳 Goths · China
956
-18
🇩🇪 Persians · Germany
938
-18
SUZUKI
0:49 Loom
2:29 Loom
3:00 Loom
4:05 Loom
11:58 Feudal Age
12:40 Double-Bit Axe
15:18 Gold Mining
19:42 Castle Age
19:09 Stone Mining
20:52 Bow Saw
21:59 Gold Shaft Mining
23:15 Horse Collar
25:51 Ballistics
26:20 Stone Shaft Mining
27:05 Heavy Plow
31:18 Imperial Age
29:56 Gambesons
30:12 Squires
29:57 Arson
29:33 Pikeman
32:46 Wheelbarrow
33:29 Two-Man Saw
34:34 Conscription
34:15 Kamandaran
36:42 Wheelbarrow
39:39 Chemistry
40:03 Thumb Ring
39:18 Crossbowman
40:57 Parthian Tactics
41:43 Hand Cart
41:41 Padded Archer Armor
41:32 Fletching
41:42 Scale Mail Armor
41:53 Forging
45:07 Leather Archer Armor
44:48 Bodkin Arrow
45:29 Iron Casting
45:09 Chain Mail Armor
46:47 Hoardings
50:35 Ring Archer Armor
50:36 Plate Mail Armor
51:06 Blast Furnace
50:13 Scale Barding Armor
50:08 Murder Holes
52:01 Elite War Elephant
52:52 Citadels
53:05 Town Watch
53:12 Elite Skirmisher
55:30 Chain Barding Armor
55:44 Crop Rotation
60:39 Gambesons
60:55 Squires
60:40 Arson
60:16 Pikeman
61:49 Halberdier
76:43 Citadels
天地银行行长
10:23 Feudal Age
14:29 Castle Age
12:36 Horse Collar
12:50 Double-Bit Axe
17:24 Bow Saw
22:41 Gold Mining
22:46 Stone Mining
24:37 Gold Shaft Mining
28:55 Imperial Age
27:24 Scale Mail Armor
27:34 Forging
27:40 Loom
27:41 Town Watch
28:32 Wheelbarrow
28:54 Heavy Plow
29:17 Chain Mail Armor
29:37 Iron Casting
28:57 Treadmill Crane
30:14 Conscription
29:49 Pikeman
30:16 Arson
30:31 Squires
30:08 Elite Varangian Guard
31:24 Fortified Wall
32:22 Halberdier
32:28 Elite Hearth Troop
33:55 Crop Rotation
34:48 Two-Man Saw
34:02 Shield Wall
34:59 Fletching
35:40 Plate Mail Armor
35:04 Fletching
36:56 Siege Engineers
36:49 Murder Holes
37:14 Ballistics
36:41 Arrowslits
38:53 Masonry
39:46 Chemistry
38:58 Capped Ram
41:52 Siege Ram
44:32 Heavy Scorpion
46:05 Hoardings
73:33 Gambesons
73:08 Man-at-Arms
YAMAHA
1:00 Loom
13:42 Feudal Age
16:03 Double-Bit Axe
18:28 Castle Age
18:48 Horse Collar
19:51 Heavy Plow
23:37 Bloodlines
24:13 Bow Saw
27:27 Wheelbarrow
27:03 Scale Barding Armor
29:33 Gold Mining
32:36 Imperial Age
30:51 Scale Barding Armor
37:41 Chain Barding Armor
37:33 Forging
38:30 Husbandry
40:00 Plate Barding Armor
39:04 Light Cavalry
42:10 Iron Casting
41:06 Hussar
45:46 Chemistry
45:07 Ballistics
手抓羊排
10:20 Feudal Age
11:19 Double-Bit Axe
11:47 Horse Collar
14:17 Castle Age
12:51 Stone Mining
12:51 Loom
15:27 Wheelbarrow
14:55 Loom
19:00 Gold Mining
21:06 Fletching
27:26 Bow Saw
27:53 Gold Shaft Mining
30:34 Wheelbarrow
30:31 Bloodlines
30:26 Husbandry
32:07 Hand Cart
31:58 Treadmill Crane
33:57 Heavy Plow
37:37 Imperial Age
35:02 Town Watch
35:33 Padded Archer Armor
35:38 Scale Barding Armor
37:17 Leather Archer Armor
37:08 Scale Barding Armor
39:02 Conscription
39:28 Hoardings
41:57 Forging
42:08 Chain Barding Armor
42:19 Ring Archer Armor
44:06 Town Patrol
44:48 Caravan
51:50 Iron Casting
51:50 Plate Barding Armor
51:11 Bodkin Arrow
51:43 Ballistics
51:34 Masonry
51:20 Murder Holes
51:36 Fortified Wall
52:16 Cavalier
59:02 Blast Furnace
58:24 Elite Janissary
59:27 Sipahi
59:10 Artillery
62:42 Hoardings
71:20 Architecture
71:14 Bombard Tower
TopicKilleR
3:42 Loom
10:53 Feudal Age
14:45 Castle Age
23:26 Elite Skirmisher
24:15 Scale Mail Armor
24:06 Fletching
24:17 Padded Archer Armor
25:13 Horse Collar
26:35 Double-Bit Axe
28:53 Bow Saw
36:05 Bodkin Arrow
36:10 Padded Archer Armor
36:41 Heavy Plow
40:45 Imperial Age
41:12 Chain Mail Armor
41:14 Leather Archer Armor
41:15 Chain Mail Armor
41:11 Forging
41:34 Bracer
42:46 Ballistics
43:26 Chemistry
42:34 Gold Mining
42:34 Stone Mining
43:27 Wheelbarrow
42:38 Town Watch
45:32 Thumb Ring
45:53 Elite Jomsviking
45:54 Northmen's Fury
45:55 Hamask
46:55 Conscription
45:58 Hamask
47:13 Hoardings
47:48 Northmen's Fury
49:08 Hoardings
52:00 Iron Casting
51:56 Ring Archer Armor
51:57 Plate Mail Armor
53:44 Squires
57:47 Blast Furnace
59:36 Caravan
61:41 Gambesons
61:42 Arson
63:28 Siege Engineers
63:19 Murder Holes
63:34 Masonry
WeLoveRust
3:58 Loom
11:18 Feudal Age
15:41 Castle Age
13:28 Horse Collar
16:51 Scale Barding Armor
16:57 Forging
18:28 Double-Bit Axe
22:01 Stone Mining
22:29 Gold Mining
27:34 Heavy Plow
29:44 Chain Barding Armor
31:23 Gold Shaft Mining
31:32 Iron Casting
33:08 Stone Shaft Mining
33:26 Husbandry
33:36 Bloodlines
38:25 Imperial Age
36:33 Wheelbarrow
36:47 Bow Saw
40:10 Citadels
41:14 Elite War Elephant
42:20 Conscription
43:29 Plate Barding Armor
43:55 Blast Furnace
50:28 Ballistics
50:21 Masonry
73:21 Pikeman
73:28 Light Cavalry
74:23 Squires
74:13 Arson
76:44 Hussar
76:50 Halberdier
79:42 Two-Man Saw
xr0015
10:30 Feudal Age
11:11 Loom
11:25 Horse Collar
11:31 Double-Bit Axe
18:24 Castle Age
16:32 Stone Mining
17:37 Fletching
19:11 Pikeman
20:04 Bodkin Arrow
19:59 Crossbowman
21:37 Scale Mail Armor
24:57 Padded Archer Armor
26:05 Wheelbarrow
31:51 Imperial Age
29:54 Forging
30:35 Gold Mining
30:43 Town Watch
31:55 Squires
31:42 Gambesons
33:09 Leather Archer Armor
33:24 Ballistics
35:29 Bracer
36:05 Halberdier
36:38 Arson
37:21 Arbalester
38:01 Elite Skirmisher
40:02 Ring Archer Armor
41:18 Murder Holes
43:16 Yeomen
45:46 Chain Mail Armor
47:20 Chemistry
47:05 Bow Saw
46:56 Heavy Plow
48:22 Plate Mail Armor
命格
0:59 Loom
11:22 Feudal Age
15:49 Castle Age
13:38 Double-Bit Axe
13:48 Horse Collar
15:04 Stone Mining
15:06 Gold Mining
16:52 Man-at-Arms
20:36 Bow Saw
20:29 Heavy Plow
21:45 Wheelbarrow
24:04 Town Watch
25:03 Elite Skirmisher
27:07 Hand Cart
27:30 Stone Shaft Mining
27:57 Squires
31:38 Pikeman
36:58 Imperial Age
34:44 Forging
34:35 Scale Mail Armor
34:11 Long Swordsman
34:54 Fletching
36:10 Fervor
36:40 Iron Casting
36:10 Anarchy
37:06 Two-Handed Swordsman
39:36 Blast Furnace
38:53 Chain Mail Armor
39:50 Conscription
39:45 Champion
64:58 Crop Rotation
65:32 Two-Man Saw
66:15 Halberdier
69:51 Padded Archer Armor
69:48 Bodkin Arrow
70:39 Elite Huskarl
73:04 Bracer
73:20 Leather Archer Armor
73:04 Murder Holes
73:30 Ballistics
74:11 Chemistry
74:32 Perfusion
76:11 Treadmill Crane
Connection lost

Rejoining the realm…

Still unreachable

The connection could not be restored.

Session expired

The server has moved on; the page needs a fresh start.